Map: Alcyone LE

Players

commandeR - Winner!

  • Race: Protoss Protoss
  • League: Diamond
  • Spawn Location: 7:00

电脑难度(新手)

  • Race: Zerg Zerg
  • Spawn Location: 1:00

VOD

Have the link to the VOD?

Description

Time

  • Played on: Sept. 28, 2024, 10:47 a.m.
  • Length: 7:22
Show
View Real Time Build Order
Export as new Build Order

commandeR Protoss - Winner!

Build Orders: 1 Gate Expand, Oracle Opening 

Get SALT Encoding   

  12  0:00  Probe  
  13  0:12  Probe  
  14  0:19  Pylon  
  14  0:25  Probe  
  15  0:37  Probe (Chrono Boost)  
  15  0:38  Gateway  
  16  0:48  Assimilator  
  16  0:49  Probe (Chrono Boost)  
  17  0:54  Probe (Chrono Boost)  
  18  1:03  Probe  
  19  1:15  Probe  
  20  1:26  Nexus  
  20  1:35  Cybernetics Core  
  20  1:37  Probe  
  21  1:48  Assimilator  
  21  1:49  Probe  
  21  1:54  Pylon  
  22  2:06  Probe  
  23  2:10  Adept (Chrono Boost)  
  25  2:19  Probe  
  26  2:23  Stargate  
  26  2:30  Adept (Chrono Boost)  
  26  2:32  Probe (Chrono Boost)  
  29  2:38  Probe (Chrono Boost)  
  30  2:45  Warp Gate  
  30  2:47  Gateway  
  31  2:51  Probe (Chrono Boost)  
  31  2:52  Stalker, Probe (Chrono Boost)  
  34  3:03  Probe  
  34  3:04  Probe  
  36  3:13  Oracle (Chrono Boost)  
  36  3:17  Probe  
  36  3:18  Probe  
  41  3:20  Pylon  
  41  3:29  Probe  
  41  3:30  Probe  
  43  3:36  Adept  
  43  3:38  Adept  
  47  3:51  Oracle (Chrono Boost)  
  50  3:57  Pylon x2  
  50  4:01  Probe x2  
  52  4:13  Twilight Council, Probe x2  
  54  4:18  Forge  
  54  4:33  Pylon  
  54  4:35  Nexus  
  54  4:36  Robotics Facility  
  54  4:42  Zealot x2  
  54  4:44  Charge (Chrono Boost)  
  58  4:52  Gateway  
  58  4:54  Gateway  
  58  4:56  Gateway  
  58  5:01  Protoss Ground Weapons Level 1 (Chrono Boost)  
  58  5:12  Zealot  
  58  5:13  Zealot  
  62  5:23  Warp Prism  
  64  5:29  Gateway  
  64  5:31  Gateway  
  64  5:32  Gateway  
  62  5:36  Zealot  
  62  5:37  Sentry  
  66  5:50  Gateway  
  66  5:55  Gateway  
  66  5:57  Sentry  
  66  5:58  Zealot  
  66  5:59  Pylon x2  
  66  6:00  Zealot  
  72  6:17  Pylon  
  72  6:18  Pylon  
  72  6:19  Pylon  
  72  6:21  Pylon  
  72  6:29  Sentry x2  
  72  6:30  Zealot x4  
  72  6:32  Zealot  
  86  6:46  Sentry  
  88  6:51  Zealot x5  
  88  6:52  Zealot  
  100  7:13  Zealot x5  
Show
View Real Time Build Order
Export as new Build Order

电脑难度(新手) Zerg 

Build Orders: Pool Only 

Get SALT Encoding   

  12  0:01  Drone  
  13  0:13  Overlord  
  13  0:16  Drone  
  14  0:36  Spawning Pool, Extractor  
  14  0:40  Drone  
  13  0:47  Drone  
  14  0:52  Overlord  
  14  1:22  Zergling x2  
  14  1:24  Queen  
  17  1:31  Roach Warren  
  16  1:34  Drone  
  16  1:37  Extractor  
  16  1:42  Drone  
  17  1:50  Zergling x2  
  18  2:01  Drone  
  19  2:08  Drone  
  20  2:17  Zergling x2, Drone  
  22  2:28  Overlord  
  22  2:30  Drone  
  23  2:37  Drone  
  26  2:44  Roach  
  26  2:45  Drone  
  27  4:57  Zergling x2  
  27  6:23  Zergling x2  
  22  6:50  Zergling x2  
  23  6:59  Drone  
  23  7:00  Overlord  
  18  7:06  Drone  
Tags
 
Add a new tag
Caveats
  • Supply blocks, unpowered buildings, or Contaminate may cause inaccurate times.
  • Supply counts are checked every 10 seconds.